Oof, neutral male human Monk ----- |.<.| |...-# -----# # # # # # #----- #|.... #...... |...@d |..... ---- Oof the Novice Experience level: 4 Strength: 18 Dexterity: 10 Constitution: 12 Intelligence: 9 Wisdom: 15 Charisma: 10 Health: 0(33) Energy: 6(16) Def: 7 Gold: 864 Moves: 1946 Dungeon seed: MMwghwZ9Xw9cZB_Q Game ID: Oof_1597763656 Your Inventory: Coins $ - 864 gold pieces Armor e - a blessed +2 pair of leather gloves (being worn) n - an uncursed +1 robe (being worn) q - a cursed +0 orcish helm (being worn) r - a blessed +1 orcish helm Comestibles f - 6 uncursed apples g - 5 uncursed oranges h - 3 uncursed fortune cookies o - an uncursed partly eaten food ration t - an uncursed food ration v - an uncursed partly eaten food ration Scrolls w - 4 uncursed scrolls of blank paper Spellbooks a - a blessed spellbook of healing u - a blessed spellbook of confuse monster Potions c - an uncursed potion of healing Rings p - an uncursed ring of teleport control y - an uncursed ring of slow digestion Tools i - an uncursed brass lantern (0:121) k - a cursed +0 pick-axe (weapon in hand) Spells and supernatural/magical abilities: Name Level Category Fail Memory h - healing 1 healing 0% 99% u - confuse monster 2 enchantment 53% 99% W - pray for help -- divine ? -- Your skills at the end: Fighting Skills martial arts [Basic] Weapon Skills Spellcasting Skills healing spells [Basic] Final Attributes: You were piously aligned. You were sleep resistant. You were poison resistant. You saw invisible. You were fast. You are dead. Vanquished creatures: a paper golem 2 giant ants an iguana an acid blob a hobgoblin 3 giant rats a brown mold a gnome zombie 5 jackals 2 foxes 7 goblins 2 grid bugs 3 lichens 3 newts 33 creatures vanquished. Voluntary challenges: You followed a strict vegan diet. You had been an atheist until turn 1806. You used a wielded weapon 29 times, starting on turn 370. You read items or engraved 8 times, starting on turn 606. You never genocided any monsters. You never polymorphed an object. You never changed form. You used no wishes. You never split a pudding. You never wrote Elbereth's name. You never violated your personal moral code. Dungeon overview: The Dungeons of Doom: levels 1 to 7 Level 1 a long staircase Level 2 Level 3 a fountain Level 4 a long staircase Level 5 Level 6 Level 7 <- You were here History has recorded: On T:1 you entered the Dungeons of Doom to retrieve the Amulet of Yendor! On T:246 you reached level 2 of The Dungeons of Doom. On T:397 you advanced to experience level 2. On T:530 you reached level 3 of The Dungeons of Doom. On T:818 you advanced to experience level 3. On T:945 you reached level 4 of The Dungeons of Doom. On T:1277 you reached level 5 of The Dungeons of Doom. On T:1354 you advanced to experience level 4. On T:1667 you reached level 6 of The Dungeons of Doom. On T:1797 you reached level 7 of The Dungeons of Doom. Score breakdown: Gold: 864 ( 9990 points) Experience: 4 levels ( 9649 points) Exploration: 7 levels ( 14.89%) (10834 points) Discoveries: 3 items ( 1.07%) ( 3105 points) Valuables value: (no points given unless you survive) Artifact value: 0 ( 0 points) Variety of kills: 14 monsters ( 3.67%) ( 5750 points) Turncount: 1946 turns ( 0 points) Survival: died (score multiplied by 80%) Total score: 31462 Latest messages: You hit the imp! The imp misses. You miss the imp. The imp hits! You miss the imp. (4x) You hit the imp. The imp escapes upstairs! You kill the lichen! y - an iron ring. You take off your shiny ring. You are now wearing an iron ring. The dingo bites! That is a silly thing to equip. You take off your iron ring. You stop changing your equipment. The dingo bites! (2x) You hit the dingo. The dingo bites! You miss the dingo. (2x) The dingo misses. You miss the dingo. The dingo bites! You die... Final status: Goodbye Oof the Monk, killed by a dingo... You died in The Dungeons of Doom on dungeon level 7 with 31462 points, and 864 pieces of gold, after 1946 moves. You were level 4 with a maximum of 33 hit points when you died.